Map: Romanticide LE

Players

Dark - Winner!

  • Race: Zerg Zerg
  • Spawn Location: 11:00

ShoWTimE

  • Race: Protoss Protoss
  • Spawn Location: 5:00

Event: TSL 6

VOD

Have the link to the VOD?

Description

Time

  • Played on: Dec. 20, 2020, 11:30 a.m.
  • Length: 35:21

All games in this series

Show
View Real Time Build Order
Export as new Build Order

Dark Zerg - Winner!

Build Orders: Hatch First, Lurkers 

Get SALT Encoding   

  12  0:00  Drone  
  13  0:12  Overlord  
  13  0:17  Drone  
  14  0:31  Drone x2  
  16  0:50  Hatchery  
  16  0:51  Drone  
  16  0:54  Drone  
  17  1:00  Drone  
  18  1:09  Extractor  
  17  1:15  Spawning Pool  
  17  1:16  Drone  
  17  1:20  Drone  
  18  1:28  Drone  
  19  1:39  Drone  
  20  1:47  Hatchery  
  20  1:52  Drone  
  20  2:03  Queen  
  20  2:05  Drone x2  
  24  2:14  Queen  
  26  2:20  Overlord  
  26  2:23  Drone  
  26  2:25  Drone  
  28  2:39  Zergling x2, Queen  
  28  2:41  Drone x2  
  28  2:43  Drone  
  34  2:46  Drone  
  34  2:48  Metabolic Boost  
  35  2:59  Queen  
  35  3:00  Overlord  
  35  3:03  Drone  
  35  3:04  Drone  
  39  3:06  Drone  
  39  3:09  Drone  
  39  3:10  Drone  
  42  3:18  Drone x2  
  44  3:21  Drone  
  44  3:22  Drone  
  44  3:24  Drone x2  
  48  3:32  Drone x2  
  50  3:34  Overlord  
  50  3:40  Overlord  
  50  3:47  Spore Crawler  
  49  3:51  Spore Crawler  
  49  3:52  Queen  
  50  3:58  Zergling x4  
  50  3:59  Zergling x8  
  50  4:00  Drone x2  
  58  4:03  Spore Crawler  
  58  4:05  Extractor  
  58  4:06  Overlord  
  58  4:07  Drone x2  
  58  4:17  Overlord  
  58  4:19  Overlord  
  58  4:23  Overlord  
  58  4:26  Drone  
  58  4:27  Drone x7  
  58  4:30  Lair  
  65  4:40  Drone x2  
  65  4:41  Roach Warren  
  65  4:42  Drone x2  
  65  4:43  Evolution Chamber  
  65  4:44  Drone  
  66  4:46  Drone  
  66  4:49  Overlord  
  67  4:56  Overlord  
  67  4:57  Zergling x8  
  67  4:58  Drone  
  72  5:02  Extractor, Drone x2  
  72  5:04  Extractor  
  72  5:06  Drone x3  
  74  5:10  Drone x3  
  74  5:14  Drone  
  73  5:19  Drone x4  
  73  5:20  Zerg Missile Weapons Level 1  
  77  5:25  Drone x2  
  79  5:28  Drone  
  79  5:35  Drone x3  
  82  5:38  Extractor, Glial Reconstitution  
  82  5:39  Extractor  
  82  5:41  Drone x3  
  83  5:50  Overlord  
  83  5:51  Hatchery  
  83  5:55  Hatchery  
  81  5:57  Drone x3  
  81  5:58  Drone  
  81  5:59  Drone x2  
  81  6:02  Roach x2  
  91  6:05  Roach  
  91  6:07  Roach x2  
  91  6:10  Roach  
  97  6:12  Roach  
  97  6:13  Roach  
  97  6:15  Overlord  
  101  6:21  Infestation Pit  
  101  6:23  Hydralisk Den  
  99  6:25  Overlord  
  99  6:26  Drone x4  
  99  6:27  Drone  
  99  6:30  Roach  
  106  6:34  Overlord  
  106  6:35  Overlord  
  106  6:39  Roach  
  104  6:51  Drone x5  
  104  6:52  Extractor  
  104  6:53  Spore Crawler  
  105  6:54  Extractor, Drone x2  
  105  7:01  Hive  
  105  7:05  Drone x2  
  105  7:08  Zergling x6  
  106  7:11  Drone x2  
  106  7:15  Drone  
  106  7:19  Zerg Missile Weapons Level 2  
  106  7:21  Zergling x6  
  109  7:23  Drone  
  109  7:27  Roach x2  
  114  7:30  Drone x2  
  114  7:31  Drone x2  
  114  7:35  Zergling x4  
  118  7:39  Lurker Den  
  118  7:40  Roach x4  
  124  7:44  Zergling x2  
  124  7:45  Zergling x4  
  124  7:46  Zergling x2  
  128  7:55  Ravager, Overseer  
  129  8:07  Zergling x18  
  129  8:08  Zergling x2  
  143  8:17  Drone  
  143  8:18  Drone, Evolution Chamber  
  143  8:19  Overlord x2  
  144  8:20  Overlord x2  
  144  8:22  Hydralisk x3  
  144  8:26  Hydralisk x2  
  150  8:30  Overseer  
  150  8:38  Hydralisk x3, Adaptive Talons  
  150  8:39  Hydralisk x4  
  164  8:41  Hydralisk  
  165  8:54  Zerg Ground Armor Level 1  
  165  8:56  Hydralisk x2  
  168  9:05  Lurker  
  168  9:06  Lurker x11  
  168  9:08  Overlord  
  180  9:11  Overlord  
  180  9:13  Spine Crawler  
  176  9:17  Hydralisk x3  
  182  9:25  Overlord  
  182  9:28  Hydralisk x3  
  182  9:29  Hydralisk  
  182  9:30  Spine Crawler  
  189  9:34  Hydralisk x2  
  189  9:35  Seismic Spines  
  189  9:36  Hydralisk  
  194  9:45  Zerg Missile Weapons Level 3  
  194  9:46  Lurker x3  
  194  9:52  Hatchery, Overseer x2  
  196  10:01  Hydralisk x2  
  200  10:23  Grooved Spines  
  200  10:24  Overseer x3  
  180  10:50  Viper x3  
  181  11:00  Drone x17  
  181  11:01  Drone  
  199  11:07  Spore Crawler  
  199  11:08  Spore Crawler x2, Zerg Ground Armor Level 2  
  199  11:09  Spore Crawler x2  
  199  11:11  Spore Crawler  
  193  11:12  Spore Crawler  
  193  11:13  Pathogen Glands  
  192  11:24  Pneumatized Carapace  
  191  11:28  Drone x3  
  191  11:29  Spine Crawler  
  191  11:30  Spine Crawler  
  191  11:31  Drone x3  
  193  11:33  Drone x6  
  193  11:35  Muscular Augments  
  193  11:39  Extractor  
  198  11:40  Extractor  
  198  11:41  Spore Crawler x2  
  198  11:43  Spore Crawler  
  198  11:44  Spore Crawler  
  192  11:49  Spore Crawler  
  192  11:50  Drone x2  
  192  11:51  Drone x3  
  192  11:52  Drone x2  
  198  12:08  Drone  
  198  12:12  Burrow, Neural Parasite  
  198  12:14  Spore Crawler x2  
  197  12:16  Spore Crawler  
  197  12:19  Spine Crawler  
  197  12:20  Spine Crawler x2, Drone x3  
  197  12:22  Zerg Melee Weapons Level 1  
  196  12:27  Drone  
  196  12:28  Drone, Spire x2  
  196  12:34  Drone  
  196  12:35  Drone x2  
  199  12:49  Infestor x2  
  198  12:52  Drone  
  189  13:02  Infestor x6  
  195  13:13  Drone x2  
  195  13:14  Drone x2  
  195  13:17  Drone  
  195  13:19  Spore Crawler  
  199  13:21  Spore Crawler  
  199  13:24  Spore Crawler x6  
  199  13:27  Drone x4  
  196  13:45  Zerg Flyer Weapons Level 1, Zerg Flyer Armor Level 1  
  193  13:50  Hydralisk x3  
  193  13:55  Spore Crawler x2  
  197  14:03  Zerg Ground Armor Level 3  
  197  14:08  Spore Crawler x3  
  197  14:09  Spore Crawler  
  193  14:10  Spore Crawler  
  193  14:11  Spore Crawler  
  191  14:28  Drone x4  
  191  14:29  Drone x3  
  191  14:35  Drone x5  
  193  14:49  Drone x4  
  197  14:55  Spore Crawler  
  197  14:56  Spore Crawler x3  
  197  14:57  Hydralisk x5, Spore Crawler x3  
  197  14:58  Spore Crawler  
  197  14:59  Spore Crawler  
  196  15:11  Hydralisk x2  
  183  15:39  Drone x4  
  183  15:40  Drone x2  
  183  15:41  Spore Crawler  
  183  15:42  Spore Crawler, Zerg Flyer Armor Level 2, Zerg Flyer Weapons Level 2  
  187  15:43  Spore Crawler x2  
  187  15:45  Ultralisk Cavern, Adrenal Glands  
  187  15:47  Zerg Melee Weapons Level 2  
  184  15:50  Hydralisk x8  
  182  16:29  Drone x6  
  182  16:30  Drone x3  
  182  16:32  Drone x5  
  185  16:35  Drone  
  185  16:36  Drone x7  
  188  16:43  Drone x3  
  191  16:48  Spine Crawler, Drone  
  191  16:49  Spine Crawler  
  191  16:50  Spine Crawler x2  
  191  16:52  Spine Crawler x2  
  186  16:58  Drone  
  186  16:59  Drone  
  188  17:11  Spine Crawler  
  188  17:14  Spine Crawler, Hatchery  
  185  17:25  Overseer  
  185  17:37  Spore Crawler, Hatchery  
  184  17:38  Spore Crawler  
  184  17:39  Spore Crawler  
  177  18:07  Zerg Flyer Armor Level 3, Zerg Flyer Weapons Level 3  
  174  18:27  Corruptor x13  
  200  18:40  Chitinous Plating  
  200  18:41  Zerg Melee Weapons Level 3  
  200  18:42  Spore Crawler  
  200  18:43  Hatchery  
  198  18:52  Corruptor  
  200  19:12  Unknown  
  200  19:13  Spore Crawler, Drone  
  200  19:14  Drone  
  189  19:38  Hatchery  
  188  19:54  Corruptor x6  
  188  19:58  Anabolic Synthesis  
  200  20:09  Spore Crawler  
  195  20:35  Corruptor x2  
  197  20:41  Drone  
  200  20:58  Greater Spire  
  200  21:15  Hatchery  
  189  21:23  Corruptor x7  
  197  21:53  Spore Crawler  
  196  21:54  Spore Crawler  
  196  21:55  Spore Crawler x2  
  196  21:56  Spore Crawler x2  
  196  21:57  Spore Crawler  
  196  21:59  Drone x5  
  196  22:00  Drone x6  
  200  22:03  Spore Crawler  
  192  22:15  Spore Crawler  
  191  22:24  Drone x2  
  191  22:25  Drone  
  191  22:26  Drone x2  
  196  22:34  Spore Crawler x2  
  196  22:35  Extractor x2  
  192  22:37  Spore Crawler  
  192  22:42  Spore Crawler  
  190  22:46  Spore Crawler  
  187  23:20  Hatchery  
  190  23:27  Ultralisk x2, Swarm Host  
  197  23:38  Ultralisk  
  193  23:50  Ultralisk  
  188  24:48  Hatchery  
  181  24:57  Corruptor x9  
  192  25:29  Overseer  
  192  25:33  Ultralisk x2  
  199  26:04  Overseer  
  199  26:05  Overseer  
  199  26:14  Hatchery  
  199  26:21  Zergling x4  
  194  26:42  Overseer  
  194  26:50  Infestor  
  194  26:58  Overlord  
  194  26:59  Overlord x3  
  194  27:01  Zergling x36  
  194  27:21  Infestor x3  
  200  27:27  Overseer  
  200  27:34  Overlord  
  176  28:26  Viper  
  176  28:27  Corruptor, Viper x2  
  149  28:28  Corruptor x12  
  149  28:32  Infestor  
  149  28:33  Infestor x2  
  190  28:34  Viper x2  
  196  28:46  Corruptor  
  196  28:47  Corruptor  
  200  28:52  Spine Crawler x3  
  200  28:53  Spine Crawler  
  200  28:54  Drone  
  197  28:56  Spine Crawler  
  197  28:58  Spine Crawler  
  197  28:59  Spine Crawler x2  
  197  29:00  Spine Crawler  
  197  29:01  Spine Crawler x2  
  190  29:13  Zergling x20  
  200  29:24  Hatchery  
  186  30:16  Corruptor x6  
  198  30:38  Zergling x2  
  200  31:04  Ultralisk  
  197  31:14  Drone  
  197  31:15  Drone x2  
  192  32:00  Brood Lord x4  
  200  32:05  Overseer  
  200  32:06  Overseer x3  
  198  32:32  Brood Lord x2  
  198  32:33  Brood Lord  
  199  32:38  Spine Crawler  
  199  32:39  Hatchery  
  177  33:10  Ultralisk x4  
  174  33:19  Ultralisk x2, Overlord x2  
  177  33:20  Overlord x2  
  173  33:28  Ultralisk  
  173  33:30  Overlord x2, Extractor  
  173  33:32  Extractor  
  176  33:36  Overlord  
  176  33:39  Ultralisk x3  
  194  33:42  Zergling x10  
  198  33:56  Zergling x2, Ultralisk  
  199  34:05  Spore Crawler  
  199  34:06  Zergling x4, Spine Crawler x2  
  199  34:09  Zergling x4  
  199  34:40  Hatchery  
Show
View Real Time Build Order
Export as new Build Order

ShoWTimE Protoss 

Build Orders: 1 Gate Expand, Oracle Opening, Phoenix Opening, Carriers, Chargelot Immortal 

Get SALT Encoding   

  12  0:00  Probe  
  13  0:12  Probe  
  14  0:18  Pylon  
  14  0:24  Probe (Chrono Boost)  
  15  0:36  Probe (Chrono Boost)  
  15  0:37  Gateway  
  16  0:45  Probe (Chrono Boost)  
  16  0:47  Assimilator  
  17  0:51  Probe  
  18  1:03  Probe  
  19  1:15  Probe  
  20  1:24  Nexus  
  20  1:29  Probe  
  21  1:37  Cybernetics Core  
  21  1:43  Assimilator  
  21  1:46  Probe  
  22  1:52  Pylon  
  22  1:58  Probe  
  23  2:10  Probe (Chrono Boost)  
  23  2:11  Adept (Chrono Boost)  
  26  2:16  Stargate  
  26  2:21  Probe (Chrono Boost)  
  21  2:22  Warp Gate  
  27  2:26  Probe (Chrono Boost)  
  28  2:33  Adept  
  28  2:36  Probe (Chrono Boost)  
  33  2:44  Probe (Chrono Boost)  
  33  2:45  Probe (Chrono Boost)  
  33  2:50  Probe x2 (Chrono Boost)  
  35  3:00  Phoenix (Chrono Boost)  
  35  3:02  Probe x2  
  39  3:07  Pylon  
  39  3:14  Probe x2  
  39  3:17  Gateway  
  41  3:21  Oracle (Chrono Boost)  
  41  3:26  Probe x2  
  46  3:28  Assimilator  
  46  3:31  Assimilator  
  46  3:38  Probe x2  
  48  3:41  Pylon  
  48  3:49  Oracle (Chrono Boost)  
  48  3:50  Probe x2  
  53  3:59  Robotics Facility  
  54  4:02  Probe  
  54  4:03  Pylon, Probe  
  55  4:16  Probe x2  
  57  4:18  Oracle (Chrono Boost)  
  57  4:22  Adept x2  
  64  4:28  Pylon  
  64  4:38  Probe  
  65  4:39  Probe  
  62  4:46  Adept x2, Pylon  
  62  4:50  Probe  
  62  4:51  Probe  
  67  5:01  Nexus  
  67  5:02  Pylon, Probe  
  67  5:03  Probe  
  69  5:14  Probe  
  69  5:15  Warp Prism (Chrono Boost), Probe  
  69  5:18  Pylon  
  73  5:21  Sentry x2  
  73  5:23  Shield Battery  
  73  5:26  Probe  
  73  5:27  Probe  
  79  5:33  Pylon  
  77  5:38  Probe  
  77  5:39  Probe, Forge  
  77  5:40  Twilight Council  
  79  5:44  Observer (Chrono Boost)  
  80  5:50  Probe  
  80  5:51  Probe  
  80  5:52  Sentry, Adept  
  86  6:01  Gateway x2  
  86  6:03  Probe x2  
  87  6:14  Protoss Ground Weapons Level 1  
  87  6:15  Probe x2  
  87  6:16  Immortal (Chrono Boost)  
  87  6:17  Assimilator, Charge  
  89  6:22  Assimilator, Probe  
  94  6:27  Probe x2  
  94  6:29  Templar Archives  
  94  6:31  Sentry  
  98  6:34  Probe  
  98  6:39  Probe  
  101  6:40  Probe  
  101  6:43  Gateway x2  
  101  6:46  Probe  
  102  6:47  Immortal (Chrono Boost)  
  102  6:51  Probe  
  102  6:52  Probe  
  106  6:59  Probe  
  106  7:01  Gateway  
  105  7:02  Gateway, Pylon  
  105  7:14  Psionic Storm  
  105  7:18  Zealot x2  
  105  7:21  Pylon  
  109  7:24  Gateway x2, Pylon  
  109  7:27  Photon Cannon, Immortal (Chrono Boost)  
  109  7:29  Pylon  
  113  7:37  High Templar x2  
  113  7:42  High Templar x3  
  113  7:43  Pylon  
  123  7:46  Nexus  
  123  7:51  Pylon  
  123  7:54  Probe x2  
  123  7:55  Probe  
  126  8:03  Immortal (Chrono Boost)  
  123  8:06  Probe, Photon Cannon  
  123  8:08  High Templar, Photon Cannon  
  130  8:15  Shield Battery, Probe x2  
  130  8:16  Phoenix, Shield Battery  
  130  8:18  Probe  
  133  8:22  Fleet Beacon  
  133  8:27  Probe, Stargate  
  133  8:28  Assimilator, Probe  
  133  8:31  Zealot x3, Probe  
  133  8:32  Assimilator  
  142  8:36  Photon Cannon  
  142  8:40  Protoss Ground Weapons Level 2 (Chrono Boost)  
  142  8:49  Photon Cannon  
  142  8:53  Zealot x4  
  150  9:08  Pylon  
  150  9:11  Carrier (Chrono Boost)  
  150  9:12  Shield Battery  
  150  9:14  Photon Cannon  
  150  9:16  Carrier (Chrono Boost)  
  160  9:25  High Templar  
  160  9:26  Zealot x3  
  160  9:30  Protoss Air Weapons Level 1 (Chrono Boost)  
  168  9:33  Pylon  
  168  9:34  Pylon  
  168  9:42  Photon Cannon  
  168  9:47  Zealot x2, High Templar x2  
  168  9:48  Zealot x2, Photon Cannon  
  168  9:49  Shield Battery  
  168  9:52  Archon  
  180  9:58  Zealot x4  
  188  10:02  Carrier (Chrono Boost)  
  192  10:20  Carrier (Chrono Boost)  
  192  10:24  Pylon  
  196  10:38  Zealot  
  194  10:55  Nexus  
  194  10:56  Pylon  
  186  11:01  Carrier  
  186  11:03  High Templar x3  
  194  11:09  Pylon  
  194  11:17  Carrier (Chrono Boost)  
  194  11:18  Protoss Ground Weapons Level 3 (Chrono Boost)  
  200  11:21  Photon Cannon  
  200  11:23  Photon Cannon  
  196  11:25  Photon Cannon  
  196  11:26  Protoss Air Weapons Level 2 (Chrono Boost)  
  196  11:27  Photon Cannon  
  196  11:29  Shield Battery  
  196  11:30  Zealot x6  
  196  11:31  Shield Battery  
  198  11:38  Stargate  
  198  11:39  Shield Battery  
  198  11:43  High Templar x2  
  198  11:44  Photon Cannon  
  190  11:47  Robotics Bay, Assimilator  
  190  11:50  Assimilator  
  190  12:11  Carrier (Chrono Boost)  
  196  12:22  High Templar  
  196  12:23  High Templar  
  196  12:24  Archon  
  198  12:49  Zealot  
  198  12:50  Zealot x2  
  199  12:52  Archon  
  197  13:02  Probe x3  
  200  13:25  Gravitic Drive (Chrono Boost)  
  200  13:28  Stargate  
  200  13:32  Gateway  
  200  13:33  Protoss Air Weapons Level 3 (Chrono Boost)  
  200  13:34  Gateway  
  200  13:38  Gateway, Void Ray x3  
  192  13:45  Gateway  
  196  13:51  Protoss Shields Level 1 (Chrono Boost)  
  196  13:56  Probe x2  
  196  13:57  Probe x2  
  200  14:07  Dark Shrine  
  186  14:52  Zealot x7  
  200  15:02  Zealot  
  194  15:15  Nexus  
  194  15:16  Zealot x4, Pylon  
  194  15:17  Zealot x3  
  200  15:25  Photon Cannon  
  196  15:40  Shadow Stride (Chrono Boost)  
  196  15:43  Photon Cannon  
  196  15:51  Photon Cannon  
  196  15:53  Photon Cannon  
  196  15:54  Photon Cannon  
  196  15:55  Gravitic Boosters (Chrono Boost)  
  196  15:56  Photon Cannon, Stargate  
  196  15:57  Protoss Air Armor Level 1 (Chrono Boost), Shield Battery  
  196  15:59  Shield Battery  
  196  16:01  Pylon  
  196  16:05  Assimilator  
  196  16:08  Assimilator  
  196  16:12  Warp Prism  
  196  16:14  Protoss Shields Level 2 (Chrono Boost)  
  188  16:25  Carrier (Chrono Boost), High Templar x4  
  194  16:32  Carrier (Chrono Boost)  
  194  16:33  Carrier x2 (Chrono Boost)  
  194  16:35  Photon Cannon  
  194  16:36  Pylon  
  194  16:38  High Templar x2  
  184  16:53  Dark Templar x3  
  190  16:55  Carrier (Chrono Boost), Observer (Chrono Boost)  
  197  17:01  Flux Vanes  
  188  18:13  Dark Templar x5  
  188  18:19  Disruptor (Chrono Boost)  
  181  18:30  Photon Cannon  
  189  18:44  Protoss Shields Level 3 (Chrono Boost)  
  189  18:45  Nexus  
  189  18:46  Pylon  
  179  18:49  Disruptor (Chrono Boost)  
  182  18:58  Pylon  
  182  19:00  Protoss Air Armor Level 2 (Chrono Boost)  
  182  19:09  Mothership (Chrono Boost)  
  182  19:10  Gateway, Photon Cannon  
  182  19:12  Gateway, Photon Cannon  
  182  19:13  Photon Cannon  
  182  19:14  Gateway  
  182  19:15  Photon Cannon  
  190  19:17  Shield Battery  
  190  19:18  Shield Battery  
  190  19:20  Shield Battery  
  190  19:21  Zealot x5, Pylon  
  200  19:25  Assimilator  
  200  19:27  Assimilator  
  198  19:41  Observer  
  196  19:54  Void Ray  
  200  20:13  Pylon  
  189  20:20  Zealot x2  
  189  20:21  Zealot x3  
  189  20:36  Tempest  
  199  20:43  Pylon  
  195  21:00  High Templar  
  195  21:07  High Templar x3  
  196  21:16  Zealot x3  
  195  21:26  Protoss Ground Armor Level 1, Zealot x2  
  196  21:33  Zealot x2  
  199  21:52  Photon Cannon  
  199  21:53  Photon Cannon  
  199  21:56  Photon Cannon  
  199  21:57  Photon Cannon  
  199  21:59  Shield Battery  
  199  22:11  Protoss Air Armor Level 3 (Chrono Boost)  
  199  22:18  Oracle  
  199  22:21  Oracle  
  197  22:47  Shield Battery  
  197  22:48  Shield Battery  
  197  22:50  Shield Battery  
  197  22:54  Pylon  
  197  22:56  Shield Battery  
  197  22:58  Tempest x2  
  197  23:00  Tempest  
  197  23:01  Tempest  
  195  23:18  High Templar  
  195  23:19  High Templar  
  191  23:28  High Templar  
  193  23:43  Protoss Ground Armor Level 2 (Chrono Boost)  
  193  23:46  Zealot x3  
  175  24:48  Void Ray (Chrono Boost)  
  175  24:49  Void Ray (Chrono Boost)  
  175  24:51  High Templar x4  
  183  24:59  Void Ray x3 (Chrono Boost)  
  190  25:02  Zealot x5  
  200  25:28  Unknown  
  200  25:29  Shield Battery  
  200  25:31  Shield Battery  
  200  25:35  Shield Battery  
  200  25:37  Shield Battery  
  200  25:39  Shield Battery, Pylon, Void Ray  
  200  25:40  Void Ray x4  
  200  25:41  Immortal (Chrono Boost)  
  188  25:49  Robotics Facility  
  188  25:51  Pylon  
  197  26:08  Shield Battery  
  197  26:09  Warp Prism (Chrono Boost)  
  197  26:11  Shield Battery  
  199  26:12  Probe  
  199  26:15  Dark Templar  
  199  26:18  Dark Templar  
  200  26:23  Dark Templar x2  
  200  26:25  Photon Cannon  
  200  26:31  Photon Cannon  
  200  26:32  Photon Cannon  
  200  26:33  Archon x2, Photon Cannon  
  196  26:47  Oracle  
  188  26:48  Immortal (Chrono Boost)  
  188  26:49  High Templar x2  
  188  26:50  High Templar  
  186  26:58  Probe x2  
  186  26:59  Probe x2  
  180  27:10  Photon Cannon  
  180  27:11  Photon Cannon  
  180  27:12  Photon Cannon  
  180  27:13  Photon Cannon  
  180  27:15  Photon Cannon  
  180  27:16  Photon Cannon  
  180  27:18  Shield Battery x2  
  180  27:19  Shield Battery  
  180  27:22  Void Ray x2  
  180  27:24  Pylon, Immortal (Chrono Boost)  
  180  27:25  Oracle  
  180  27:27  Tempest  
  200  27:42  Photon Cannon  
  200  27:43  Photon Cannon x2  
  200  27:44  Photon Cannon  
  193  28:02  Photon Cannon  
  193  28:03  Shield Battery  
  192  28:06  Zealot x4  
  200  28:16  Void Ray (Chrono Boost)  
  179  28:22  Mothership (Chrono Boost)  
  179  28:23  Void Ray (Chrono Boost)  
  179  28:24  Void Ray x3 (Chrono Boost)  
  187  28:45  Photon Cannon x2  
  187  28:47  Photon Cannon  
  187  28:48  Photon Cannon  
  191  28:59  Warp Prism (Chrono Boost), High Templar x4  
  197  29:10  Dark Templar  
  199  29:26  Observer (Chrono Boost)  
  195  30:01  Zealot x2  
  169  30:14  Archon  
  169  30:16  Carrier  
  169  30:17  Carrier x3  
  177  30:22  Archon  
  177  30:24  Carrier  
  177  30:27  Zealot x10  
  199  30:32  Observer  
  163  31:12  High Templar  
  163  31:13  High Templar  
  163  31:14  High Templar x13  
  163  31:15  High Templar x2  
  197  31:19  Archon x3  
  197  31:20  Archon x4, Warp Prism (Chrono Boost)  
  189  32:10  Zealot x5  
  199  32:24  Observer  
  198  32:33  Observer  
  199  32:45  Observer  
  116  33:26  Void Ray x3 (Chrono Boost)  
  116  33:27  Void Ray (Chrono Boost)  
  122  33:46  Assimilator  
  118  33:48  Assimilator  
  118  33:51  Nexus  
  118  33:53  Void Ray x3 (Chrono Boost)  
  122  34:37  Zealot x2  
  126  34:39  Zealot x11  
  126  34:40  Zealot  
Tags
 
Add a new tag
Caveats
  • Supply blocks, unpowered buildings, or Contaminate may cause inaccurate times.
  • Supply counts are checked every 10 seconds.